 Dungeon Crawl Stone Soup version 0.30-a0-469-g84de5afbc5 (webtiles) character file.

Game seed: 11677398929128168133

2765 experimilk the Destroyer (level 9, -3/88 (93) HPs)
             Began as a Green Draconian Conjurer on Dec 20, 2022.
             Was a Believer of Vehumet.
             Slain by a wight
             ... wielding a +2 spear of flaming
              (4 damage)
             ... on level 8 of the Dungeon.
             The game lasted 00:21:52 (8832 turns).

experimilk the Destroyer (Green Draconian Conjurer) Turns: 8832, Time: 00:21:52

HP:   -3/88 (93)    AC: 24    Str: 10    XL:     9   Next: 42%
MP:   2/13          EV:  2    Int: 22    God:    Vehumet [**....]
Gold: 91            SH:  0    Dex: 10    Spells: 4/14 levels left

rFire   . . .      SeeInvis .    d - +0 dagger (elec)
rCold   . . .      Faith    .    (no shield)
rNeg    . . .      Spirit   .    (body armour unavailable)
rPois   +          Reflect  .    (helmet currently unavailable)
rElec   .          Harm     .    (cloak currently unavailable)
rCorr   .          Rampage  .    (gloves currently unavailable)
Will    .....      NoTele   +    (boots currently unavailable)
Stlth   ++........               (no amulet)
HPRegen 0.34/turn                (no ring)
MPRegen 0.13/turn                (no ring)

@: tree-form, lightly drained
A: stationary, stasis, torment immunity, boosted hp, (breathe noxious fumes), AC
+7, unfitting armour, (poison resistance), (cold-blooded)
a: Renounce Religion


You were on level 8 of the Dungeon.
You worshipped Vehumet.
Vehumet was pleased with you.
You were a tree.
You visited 1 branch of the dungeon, and saw 8 of its levels.

You collected 390 gold pieces.
You spent 299 gold pieces at shops.

Inventory:

Hand Weapons
 d - a +0 dagger of electrocution (weapon)
Armour
 g - a +0 cloak (melded)
Magical Staves
 j - a staff of fire
Jewellery
 e - a +4 ring of protection
 o - a +6 ring of intelligence
 C - an amulet of guardian spirit
Wands
 f - a wand of polymorph (1)
 q - a wand of light (16)
 t - a wand of digging (3)
 u - a wand of paralysis (26)
Scrolls
 b - a scroll of poison
 h - a scroll of silence {unknown}
 i - a scroll of summoning {unknown}
 k - 2 scrolls of teleportation
 l - a scroll of fog {unknown}
 w - 2 scrolls of magic mapping
 x - a scroll of enchant armour {unknown}
 y - a scroll of fear {unknown}
 B - a scroll of blinking {unknown}
 D - a scroll of enchant weapon {unknown}
 E - a scroll of immolation {unknown}
 H - a scroll of vulnerability
 I - a scroll of amnesia
Potions
 c - 3 potions of mutation
 m - a potion of resistance
 p - a potion of might
 r - 2 potions of flight
 s - a potion of invisibility
 v - a potion of berserk rage
 z - a potion of haste


   Skills:
 - Level 1.7 Dodging
 - Level 1.7 Stealth
 - Level 3.0 Spellcasting
 - Level 9.0 Conjurations
 + Level 4.2 Translocations
 * Level 6.1 Air Magic
 - Level 7.4 Poison Magic


You had 4 spell levels left.
You knew the following spells:

 Your Spells              Type           Power      Damage    Failure   Level
a - Olgreb's Toxic Radia  Pois           35%        N/A       6%          4
b - Magic Dart            Conj           100%       1d8       1%          1
c - Vhi's Electric Charg  Tloc/Air       52%        N/A       4%          3
z - Searing Ray           Conj           84%        2d7       1%          2

Your spell library contained the following spells:

 Spells                   Type           Power      Damage    Failure   Level
 Momentum Strike          Conj/Tloc      64%        3d9       1%          2
 Poisonous Vapours        Pois/Air       66%        N/A       1%          2
 Sting                    Tmut/Pois      76%        1d6       2%          1
 Dazzling Flash           Conj/Hex       46%        N/A       6%          3
 Teleport Other           Tloc           21%        N/A       7%          3
 Iskenderun's Mystic Bla  Conj/Tloc      32%        2d8       9%          4
 Fulminant Prism          Conj/Hex       11%        3d8       19%         4
 Passage of Golubria      Tloc           21%        N/A       22%         4
 Leda's Liquefaction      Hex/Erth       1%         N/A       77%         4
 Arcjolt                  Conj/Air       18%        1d28      16%         5
 Summon Forest            Summ/Tloc      6%         N/A       82%         5
 Lee's Rapid Deconstruct  Erth           1%         3d4*      98%         5
 Summon Mana Viper        Hex/Summ       3%         N/A       98%         5
 Dispersal                Tloc           10%        N/A       98%         6
 Statue Form              Tmut/Erth      2%         N/A       100%        6
 Summon Cactus Giant      Summ           1%         N/A       100%        6
 Maxwell's Capacitive Co  Air            15%        ∞         100%        8


Dungeon Overview and Level Annotations

Branches:
Dungeon (8/15)             Temple (0/1) D:7
   Lair: D:8-11

Altars:
Dithmenos
Elyvilon
Vehumet
Xom

Shops:
D:7 [::

Annotations:
D:5 2 transporters, sirJeffrey23's ghost, amateur DsFi


Innate Abilities, Weirdness & Mutations

You are a tree.
Your roots penetrate the ground, keeping you stationary.
You cannot be teleported.
You are immune to unholy pain and torment.
Your maximum health is greatly increased.
Your equipment is partially melded.
((You can breathe blasts of noxious fumes.))
((Your lurid green scales are hard. (AC +7)))
You cannot fit into any form of body armour.
((Your system is resistant to poisons. (rPois)))
((You are cold-blooded and may be slowed by cold attacks.))


Message History

You barely miss the wyvern.
The wyvern is almost dead.
The wyvern bites you.
* * * LOW HITPOINT WARNING * * *
The wyvern bites you but does no damage.
The wight hits you but does no damage. x2
Unknown command.
You hit the wyvern.
The wyvern is almost dead.
You kill the wyvern!
Vehumet accepts your kill.
The wight hits you but does no damage. x2
Your Air Magic skill increases to level 6!
You hit the wight but do no damage. The wight hits you with a +0 flail.
* * * LOW HITPOINT WARNING * * *
You feel drained. The wight hits you but does no damage.
The wight hits you from afar with a +2 spear of flaming.
* * * LOW HITPOINT WARNING * * *
You feel drained. The wight burns you.
* * * LOW HITPOINT WARNING * * *
You hit the wight.
The wight is lightly damaged.
The wight hits you but does no damage. x3
Unknown command.
You barely miss the wight.
The wight is lightly damaged.
The wight hits you but does no damage. x2
The wight hits you from afar with a +2 spear of flaming.
* * * LOW HITPOINT WARNING * * *
You feel drained. The wight burns you.
* * * LOW HITPOINT WARNING * * *
You hit the wight but do no damage.
The wight is lightly damaged.
The wight hits you but does no damage. x3
Unknown command.
You hit the wight. Lightning courses through the wight!
You destroy the wight!
Vehumet accepts your kill.
The wight hits you from afar with a +2 spear of flaming.
You die...

#### ###.. ###
.... ...
####.###.##
#.........# #
#.#..#<#.####.#
........).z)♣).#
..........zz####
........#..)#
........).)...
.##.....#.†.#...
.......#)).####
.#......)...
####....####


You could see 3 wights.

Vanquished Creatures
  Maggie (D:8)
  Joseph (D:8)
  A hornet (D:8)
  A wyvern (D:8)
  A water moccasin (D:8)
  An ice beast (D:6)
  2 orc warriors
  2 sky beasts
  A bullfrog (D:7)
  2 scorpions
  A wight (D:8)
  4 killer bees (D:7)
  7 howler monkeys
  3 jellies
  2 hounds
  An orc priest (D:3)
  A gnoll bouda (D:6)
  3 iguanas
  5 orc wizards
  5 gnolls
  9 adders
  A white imp (D:7)
  2 ufetubi (D:5)
  3 worms
  2 dart slugs
  23 orcs
  5 endoplasms
  5 giant cockroaches
  10 goblins
  3 hobgoblins
  7 quokkas
  7 ball pythons
  2 bats
  3 frilled lizards
  12 kobolds
  7 rats
146 creatures vanquished.

Vanquished Creatures (others)
  An acid dragon (D:8)
  3 plants
4 creatures vanquished.

Grand Total: 150 creatures vanquished

Notes
Turn   | Place    | Note
-------+----------+-------------------------------------------
     0 | D:1      | experimilk the Draconian Conjurer began the quest for the
                  | Orb.
     0 | D:1      | Reached XP level 1. HP: 14/14 MP: 3/3
   193 | D:1      | Reached XP level 2. HP: 11/20 MP: 1/5
   471 | D:1      | Learned a level 2 spell: Searing Ray
   659 | D:1      | Reached XP level 3. HP: 16/26 MP: 0/6
  1723 | D:2      | Reached skill level 5 in Conjurations
  1920 | D:2      | Reached XP level 4. HP: 33/33 MP: 0/8
  3128 | D:3      | Found a radiant altar of Vehumet.
  3142 | D:3      | Became a worshipper of Vehumet
  3162 | D:3      | Got the Book of Transposition
  3232 | D:3      | Identified the +1 robe of Zemmar {Harm Stlth+}
  3450 | D:3      | Found a faded altar of an unknown god.
  3663 | D:3      | Reached XP level 5. HP: 30/38 MP: 0/9
  3973 | D:4      | Found a shimmering altar of Xom.
  3984 | D:4      | Reached skill level 6 in Conjurations
  5047 | D:5      | Entered Level 5 of the Dungeon
  5056 | D:5      | Reached * piety under Vehumet
  5056 | D:5      | Offered knowledge of Shock by Vehumet.
  5115 | D:5      | Found a transporter.
  5120 | D:5      | Noticed sirJeffrey23's ghost (amateur DsFi)
  5124 | D:5      | Reached XP level 6. HP: 45/45 MP: 5/10
  5174 | D:5      | Found a transporter.
  5216 | D:5      | Reached skill level 7 in Conjurations
  5862 | D:5      | Found a shadowy altar of Dithmenos.
  5862 | D:5      | Found a white marble altar of Elyvilon.
  6070 | D:6      | Noticed a sky beast
  6077 | D:6      | Killed a sky beast
  6078 | D:6      | Reached skill level 8 in Conjurations
  6078 | D:6      | Your scales start taking on a lurid green colour.
  6078 | D:6      | Reached XP level 7. HP: 50/50 MP: 2/11
  6078 | D:6      | Gained mutation: Your system is resistant to poisons.
                  | (rPois) [Green Draconian growth]
  6083 | D:6      | Learned a level 4 spell: Olgreb's Toxic Radiance
  6087 | D:6      | Learned a level 3 spell: Vhi's Electric Charge
  6823 | D:6      | Reached skill level 9 in Conjurations
  7381 | D:7      | Found a staircase to the Ecumenical Temple.
  7457 | D:7      | Reached XP level 8. HP: 57/57 MP: 0/12
  7464 | D:7      | Reached skill level 5 in Poison Magic
  7897 | D:7      | Found Cisinnar's Book Shoppe.
  7897 | D:7      | Found Kuudos's Magic Scroll Shoppe.
  7913 | D:7      | Found Quett's Book Shoppe.
  7913 | D:7      | Found Afydunir's Armour Shoppe.
  8106 | D:7      | Bought a scroll of identify for 26 gold pieces
  8106 | D:7      | Bought a scroll of identify for 26 gold pieces
  8106 | D:7      | Bought a scroll of identify for 26 gold pieces
  8106 | D:7      | Bought a scroll of noise for 13 gold pieces
  8106 | D:7      | Bought a scroll of vulnerability for 52 gold pieces
  8106 | D:7      | Bought a scroll of amnesia for 52 gold pieces
  8106 | D:7      | Bought a scroll of identify for 26 gold pieces
  8106 | D:7      | Bought 3 scrolls of identify for 78 gold pieces
  8652 | D:7      | Reached skill level 1 in Air Magic
  8771 | D:8      | Noticed Maggie
  8781 | D:8      | Reached skill level 1 in Translocations
  8788 | D:8      | Offered knowledge of Momentum Strike by Vehumet.
  8793 | D:8      | Killed Maggie
  8793 | D:8      | Reached ** piety under Vehumet
  8793 | D:8      | Noticed a hornet
  8798 | D:8      | Killed a hornet
  8799 | D:8      | Reached XP level 9. HP: 60/62 MP: 6/13
  8801 | D:8      | Noticed Joseph
  8819 | D:8      | Killed Joseph
  8820 | D:8      | Reached skill level 5 in Air Magic
  8828 | D:8      | HP: 4/90 [wight/+2 spear of flaming (1)]
  8830 | D:8      | HP: 1/88 [wight/+2 spear of flaming (1)]
  8832 | D:8      | Slain by a wight

Illustrated notes

Levels and vault maps discovered:
D:1:      dpeg_arrival_rooms_a, layout_loops_cross, serial_rivers,
          chequers_serial_rivers_small_b, chequers_serial_rivers_small_b,
          chequers_serial_rivers_small_3, chequers_serial_rivers_micro_e,
          chequers_serial_rivers_room_a, chequers_serial_rivers_large_a
D:2:      layout_basic, serial_forest, infiniplex_forest_clump_medium,
          infiniplex_forest_lined_room_3, infiniplex_forest_clump_curved,
          infiniplex_forest_zigzag_1, infiniplex_forest_clump_medium,
          infiniplex_forest_corner_1, infiniplex_forest_clump_medium,
          hangedman_decor_points
D:3:      layout_basic, mainiacjoe_overflow_catwalk,
          shapermc_ecumenical_altar_notcrosses, grunt_ministairs_13
D:4:      layout_basic, xom_teletrap_fun, corexii_shack, nicolae_hexahallways
D:5:      layout_loops_ring, amethyst_overflow_temple_binary,
          gammafunk_ghost_arena
D:6:      lemuel_ice_spiral_2, layout_basic, nrook_uturn, kennysheep_minor_cross
D:7:      layout_basic, minmay_temple_entry_ruins, minmay_shop_grid_forest,
          st_stairs_2
D:8:      layout_basic, zin_academy, lair_entry_dummy, uniq_joseph, uniq_maggie

Skill      XL: |  1  2  3  4  5  6  7  8  9 |
---------------+----------------------------+-----
Conjurations   | 5 6 8 9 |  9.0
Spellcasting   | 3 |  3.0
Poison Magic   | 4 7 |  7.4
Air Magic      | 4 6 |  6.1
Translocations | 3 4 |  4.2
Dodging        | |  1.7
Stealth        | |  1.7

Action                   |  1- 3 |  4- 6 |  7- 9 || total
-------------------------+-------+-------+-------++-------
Melee: Unarmed           |    32 |       |       ||    32
       Tailslap          |     6 |       |     7 ||    13
       Dagger            |     4 |     5 |    41 ||    50
 Cast: Magic Dart        |    61 |    81 |    36 ||   178
       Searing Ray       |     4 |    22 |    29 ||    55
       Olgreb's Toxic Ra |       |       |     5 ||     5
 Abil: Breathe Noxious F |       |       |     9 ||     9
Evoke: Wand              |       |       |     5 ||     5
  Use: Potion            |     1 |       |     4 ||     5
       Scroll            |       |     3 |    10 ||    13
 Stab: Confused          |       |       |     1 ||     1
       Paralysed         |       |       |     7 ||     7
Armor: Skin              |    16 |     6 |    49 ||    71
Dodge: Dodged            |    25 |     5 |    30 ||    60

Table legend: (Time is in decaauts)
 A = Elapsed time spent in this place.
 B = Non-inter-level travel time spent in this place.
 C = Inter-level travel time spent in this place.
 D = Time resting spent in this place.
 E = Time spent auto-exploring this place.
 F = Levels seen in this place.
 G = Mean time per level.
                   A        B        C        D        E       F      G
               +--------+--------+--------+--------+--------+-----+--------+
         Total |   8858 |   8559 |    299 |    899 |   6788 |   8 | 1107.2 |
       Dungeon |   8858 |   8559 |    299 |    899 |   6788 |   8 | 1107.2 |
               +--------+--------+--------+--------+--------+-----+--------+

Top non-repeatable levels by time:
     D:1: 1637 daAuts
     D:2: 1499 daAuts
     D:7: 1466 daAuts
     D:6: 1341 daAuts
     D:4: 1090 daAuts
     D:5: 915 daAuts
     D:3: 845 daAuts
     D:8: 61 daAuts
